 Dungeon Crawl Stone Soup version 0.22.0-38-g04b72b8 (webtiles) character file.

310 leisz the Digger (level 6, 0/37 HPs)
             Began as a Gargoyle Earth Elementalist on Aug 28, 2018.
             Was an Initiate of Nemelex Xobeh.
             Splashed by a kobold's acid (10 damage)
             ... on level 3 of the Dungeon.
             The game lasted 00:09:23 (2529 turns).

leisz the Digger (Gargoyle Earth Elementalist)      Turns: 2529, Time: 00:09:24

Health: 0/37       AC:  5    Str: 11    XL:     6   Next: 41%
Magic:  20/20      EV: 10    Int: 17    God:    Nemelex Xobeh [......]
Gold:   113        SH:  0    Dex: 11    Spells: 10/11 levels left

rFire    . . .     SeeInvis .   f - +1 whip
rCold    . . .     Gourm    .   (no shield)
rNeg     + . .     Faith    .   y - +0 ring mail
rPois    ∞         Spirit   .   t - +0 helmet
rElec    +         Reflect  .   (no cloak)
rCorr    .         Harm     .   w - +1 pair of gloves (curse)
MR       .....                  (no boots)
Stlth    +.........             (no amulet)
HPRegen  0.12/turn              p - ring of magical power
MPRegen  0.17/turn              (no ring)

@: corroded
A: negative energy resistance 1, electricity resistance, unbreathing,
petrification resistance, rot immunity, AC +4
a: Renounce Religion


You were on level 3 of the Dungeon.
You worshipped Nemelex Xobeh.
Nemelex Xobeh was noncommittal.
You were hungry.

You visited 1 branch of the dungeon, and saw 3 of its levels.

You collected 113 gold pieces.

Inventory:

Hand Weapons
 f - a +1 whip (weapon)
 n - a +0 hunting sling
Missiles
 b - 16 stones (quivered)
Armour
 c - a +0 robe
 h - a +0 leather armour
 t - a +0 helmet (worn)
 w - a cursed +1 pair of gloves (worn)
 y - a +0 ring mail (worn)
Jewellery
 p - a ring of magical power (left hand)
Scrolls
 k - 2 scrolls of remove curse
 o - 2 scrolls of identify
Potions
 a - a potion of cancellation {unknown}
 e - a potion of mutation {unknown}
 g - 3 potions of might
 i - 2 potions of degeneration {unknown}
 l - a potion of brilliance {unknown}
 r - a potion of heal wounds {unknown}
 x - a potion of lignification {unknown}
Miscellaneous
 u - a plain deck of summoning
Comestibles
 d - 6 rations
 v - 7 chunks of flesh


   Skills:
 + Level 3.0 Fighting
 + Level 3.0 Armour
 - Level 1.6 Dodging
 - Level 2.3 Stealth
 + Level 3.4 Spellcasting
   Level 0.7 Transmutations
 + Level 5.2 Earth Magic


You had 10 spell levels left.
You knew the following spells:

 Your Spells              Type           Power        Failure   Level  Hunger
a - Sandblast             Erth           ###...       4%          1    None

Your spell library contained the following spells:

 Spells                   Type           Power        Failure   Level  Hunger
 Passwall                 Tmut/Erth      ##......     17%         2    ##.....
 Stone Arrow              Conj/Erth      ##....       36%         3    ###....
 Petrify                  Tmut/Erth      ##......     73%         4    ####...
 Lee's Rapid Deconstruct  Erth           ###.......   77%         5    ######.


Dungeon Overview and Level Annotations

Branches:
Dungeon (3/15)

Altars:
Nemelex Xobeh
Ru

Annotations:
D:3 Lavandula's ghost, amateur CeBe


Innate Abilities, Weirdness & Mutations

You are resistant to torment.
Your stone body is resilient. (AC +4)
You are immune to poison.
You resist negative energy. (rN+)
You are resistant to electric shocks. (rElec)
You can survive without breathing.
You are immune to petrification.
You are immune to rotting.


Message History

As you read the scroll labeled MENITZA MAICAP, it crumbles to dust.
You assume a fearsome visage.
Nothing appears to happen.
It was a scroll of fear.
As you read the scroll labeled ZETAEVUYMO, it crumbles to dust.
It is a scroll of amnesia.
Your memory of Stone Arrow unravels.
There isn't anything here!
There's nothing to close nearby.
There's nothing to close nearby.
You open the gate. The kobold closely misses you.
The kobold zaps a wand.
The bolt of acid hits you! The acid corrodes you!
You are splashed with acid!
The acid burns!
It is a wand of acid (9).
The kobold hits you but does no damage. The kobold hits you but does no damage.
The kobold zaps a wand.
The bolt of acid hits you!
* * * LOW HITPOINT WARNING * * *
The acid corrodes you!
You are splashed with acid!
The acid burns!
You die...
Your body disappears without a glow.

##############
#.....#......#####
#.###.#K.KKK.....#
#.#...@KK##KK'##.####
###.#.#.####W....##...#
#..)......#.#...#.##.)#
#.###.#####⌠.#.#.⌠#...#
#. #.# ###.#...#.##..#
#. ..# #.##.....###..##
#. ....
..##.[=##.....##
#..#.## ..#####.##.....
#..#. #....## #.#.##


You could see a big kobold, Lavandula's ghost and 7 kobolds.

Vanquished Creatures
  Sigmund (D:3)
  Robin (D:2)
  8 adders
  An ooze (D:3)
  A worm (D:2)
  A dart slug (D:1)
  An orc (D:3)
  3 giant cockroaches
  26 goblins
  5 hobgoblins
  3 jackals (D:1)
  4 kobolds
  4 bats
  6 frilled lizards
  3 rats
68 creatures vanquished.

Notes
Turn   | Place    | Note
-------+----------+-------------------------------------------
     0 | D:1      | leisz the Gargoyle Earth Elementalist began the quest for the Orb.
     0 | D:1      | Reached XP level 1. HP: 10/10 MP: 3/3
     7 | D:1      | Noticed a komodo dragon
     7 | D:1      | Noticed a polar bear
     7 | D:1      | Noticed a lindwurm
     7 | D:1      | Noticed a redback
     7 | D:1      | Noticed a hound
    85 | D:1      | Reached XP level 2. HP: 15/15 MP: 3/5
   410 | D:1      | Reached skill level 4 in Earth Magic
   805 | D:1      | Reached XP level 3. HP: 19/20 MP: 6/6
  1139 | D:1      | Reached skill level 1 in Fighting
  1140 | D:1      | Reached skill level 1 in Armour
  1414 | D:2      | Reached XP level 4. HP: 25/25 MP: 7/7
  1497 | D:2      | Learned a level 3 spell: Stone Arrow
  1670 | D:2      | Found a sparkling altar of Nemelex Xobeh.
  1670 | D:2      | Noticed Robin
  1672 | D:2      | Killed Robin
  1715 | D:2      | Became a worshipper of Nemelex Xobeh the Trickster
  1728 | D:2      | Received a gift from Nemelex Xobeh
  1838 | D:2      | Reached XP level 5. HP: 30/30 MP: 9/9
  2208 | D:3      | Noticed Sigmund
  2225 | D:3      | Killed Sigmund
  2225 | D:3      | Reached skill level 5 in Earth Magic
  2225 | D:3      | Reached XP level 6. HP: 35/36 MP: 11/11
  2319 | D:3      | Found a sacrificial altar of Ru.
  2457 | D:3      | Found a runed gate.
  2458 | D:3      | Noticed Lavandula's ghost (amateur CeBe)
  2459 | D:3      | Found a runed gate.
  2459 | D:3      | Found a runed gate.
  2529 | D:3      | Splashed by a kobold's acid

Skill      XL: |  1  2  3  4  5  6 |
---------------+-------------------+-----
Earth Magic    | 4 5 |  5.2
Fighting       | 1 2 3 |  3.0
Armour         | 1 2 3 |  3.0
Spellcasting   | 3 |  3.4
Dodging        | |  1.6
Stealth        | |  2.3
Transmutations | |  0.7

Action                   |  1- 3 |  4- 6 || total
-------------------------+-------+-------++-------
Melee: Unarmed           |     8 |       ||     8
       Whip              |    26 |    78 ||   104
Throw: Stone             |     5 |     1 ||     6
 Cast: Sandblast         |    27 |    35 ||    62
  Use: Scroll            |       |     6 ||     6
 Stab: Sleeping          |     2 |     4 ||     6
  Eat: Chunk             |     2 |     3 ||     5
Armor: Robe              |    13 |     6 ||    19
       Leather armour    |       |    31 ||    31
       Ring mail         |       |     2 ||     2
Dodge: Dodged            |    35 |    59 ||    94
